 Dungeon Crawl Stone Soup version 0.28-a0-1236-gb25a51b929 (webtiles) character file.

Game seed: 6359395112545296237

6023 Mesmaeker13 the Summoner (level 10, -27/69 HPs)
             Began as a Grey Draconian Summoner on Dec 25, 2021.
             Was a Believer of Sif Muna.
             Killed from afar by Erica (35 damage)
             ... with a bolt of poison
             ... on level 10 of the Dungeon.
             The game lasted 00:22:10 (9840 turns).

Mesmaeker13 the Summoner (Grey Draconian Summoner)  Turns: 9840, Time: 00:22:11

Health: -27/69     AC: 19    Str: 14    XL:     10   Next: 56%
Magic:  12/21      EV: 14    Int: 24    God:    Sif Muna [**....]
Gold:   2384       SH:  0    Dex: 11    Spells: 13/23 levels left

rFire   . . .      SeeInvis +   u - +0 trident (flame)
rCold   . . .      Faith    .   (no shield)
rNeg    . . .      Spirit   .   (armour unavailable)
rPois   .          Reflect  .   (helmet restricted)
rElec   .          Harm     .   t - +0 cloak
rCorr   +          Rampage  .   D - +1 pair of gloves
Will    .....                   r - +3 pair of boots of the Constellations {+Blink Str+3 Int+4}
Stlth   ++........              (no amulet)
HPRegen 0.21/turn               f - ring of see invisible
MPRegen 0.17/turn               w - ring of resist corrosion

@: brilliant, lethally poisoned (-27 -> -41)
A: AC +12, amphibious, unfitting armour, cold-blooded
a: Renounce Religion, Evoke Blink, Channel Magic


You were on level 10 of the Dungeon.
You worshipped Sif Muna.
Sif Muna was pleased with you.
You visited 2 branches of the dungeon, and saw 11 of its levels.

You collected 2384 gold pieces.

Inventory:

Hand Weapons
 u - a +0 trident of flaming (weapon)
 G - a +2 spear of freezing
Missiles
 h - 5 javelins
 p - a throwing net
Armour
 r - the +3 pair of boots of the Constellations (worn) {+Blink Str+3 Int+4}
   (You found it on level 4 of the Dungeon)

   Str:       It affects your strength (+3).
   Int:       It affects your intelligence (+4).
   +Blink:    It lets you blink.
 t - a +0 cloak (worn)
 D - a +1 pair of gloves (worn)
 E - a +0 buckler
Magical Staves
 o - a staff of cold
Jewellery
 e - a ring of poison resistance
 f - a ring of see invisible (left hand)
 w - a ring of resist corrosion (right hand)
 x - a ring of ice
 B - a ring of wizardry
Wands
 n - a wand of flame (45)
 q - a wand of mindburst (1)
 H - a wand of iceblast (5)
Scrolls
 g - 4 scrolls of teleportation
 i - 2 scrolls of immolation
 j - a scroll of magic mapping
 k - 3 scrolls of vulnerability
 l - 2 scrolls of noise
 m - a scroll of blinking {unknown}
 y - 2 scrolls of torment
 z - 3 scrolls of brand weapon
 A - a scroll of fog {unknown}
 F - a scroll of summoning
Potions
 a - a potion of flight {unknown}
 b - 4 potions of lignification
 c - 2 potions of heal wounds {unknown}
 d - 3 potions of attraction
 s - 2 potions of brilliance
 v - a potion of berserk rage {unknown}
 C - 2 potions of cancellation {unknown}


   Skills:
 - Level 3.4 Polearms
 + Level 7.4 Dodging
 - Level 1.7 Stealth
 + Level 2.1 Shields
 + Level 7.4 Spellcasting
 + Level 9.0 Summonings
 + Level 5.8 Air Magic


You had 13 spell levels left.
You knew the following spells:

 Your Spells              Type           Power      Damage    Failure   Level
a - Summon Small Mammal   Summ           100%       N/A       1%          1
b - Call Imp              Summ           68%        N/A       1%          2
c - Call Canine Familiar  Summ           68%        N/A       1%          3
d - Summon Lightning Spi  Summ/Air       61%        N/A       3%          4

Your spell library contained the following spells:

 Spells                   Type           Power      Damage    Failure   Level
 Summon Guardian Golem    Hex/Summ       45%        N/A       3%          3
 Pain                     Necr           52%        1d6       7%          1
 Ensorcelled Hibernation  Hex/Ice        26%        N/A       11%         2
 Spider Form              Tmut/Pois      13%        N/A       21%         3
 Agony                    Necr           13%        N/A       88%         5
 Excruciating Wounds      Necr           6%         N/A       88%         5


Dungeon Overview and Level Annotations

Branches:
Dungeon (10/15)            Temple (1/1) D:7
   Lair: D:8-11         Orc: D:9-12

Altars:
Ashenzari
Cheibriados
Dithmenos
Elyvilon
Fedhas
Gozag
Hepliaklqana
Kikubaaqudgha
Makhleb
Okawaru
Qazlal
Ru
Sif Muna
Uskayaw
Vehumet
Wu Jian
Xom
Zin
The Shining One

Shops:
D:1 (   D:4 :

Annotations:
D:10 Erica


Innate Abilities, Weirdness & Mutations

Your dull iron-grey scales are very hard. (AC +12)
You are amphibious.
You cannot fit into any form of body armour.
You are cold-blooded and may be slowed by cold attacks.


Message History

Your wolf appears confused.
Your wolf closely misses Erica.
Your wolf bites Erica! x2; Erica closely misses your wolf.
Your wolf closely misses Erica.
You feel less confused.
Your wolf bites Erica!
Erica closely misses your wolf.
Your wolf barely misses Erica. x2; Erica barely misses your wolf.
Your wolf barely misses Erica.
Erica barely misses your wolf.
You reach to attack!
You completely miss Erica.
Erica is moderately wounded.
Your lightning spire disappears in a puff of smoke!
Casting: Summon Lightning Spire (dangerous; 3% risk of failure)
Confirm with . or Enter, or press ? or * to list all spells.
An electric hum fills the air.
Your wolf misses Erica. Erica casts a spell at you.
The lance of force hits you!
You are knocked back by the lance of force.
Unknown command.
Casting: Summon Lightning Spire (dangerous; 3% risk of failure)
Confirm with . or Enter, or press ? or * to list all spells.
An electric hum fills the air.
Your lightning spire disappears in a puff of smoke!
Erica barely misses you. Erica hits you but does no damage.
Erica casts a spell at you. The lance of force hits you!
You are knocked back by the lance of force.
You slam into the rock wall!
Erica points at you and mumbles some strange words.
The lance of force hits you!
* * * LOW HITPOINT WARNING * * *
You are knocked back by the lance of force.
You slam into the rock wall!
* * * LOW HITPOINT WARNING * * *
It was a potion of brilliance.
You feel clever all of a sudden.
Erica points at you and mumbles some strange words.
The bolt of poison hits you!!
You are lethally poisoned!
Ouch! That really hurt!
You die...

....# #..## #...# ....##
#...##.....
..#..######.....#
...#...........##
................#
......h..ยง..#@..## .#
...........###.8.###....
..........## ##........#
.........#####..@####..
.........##......#
.............##..#
.......####.## ......
#.. ....# .... ....
..... ... ....... ..
..#...


You could see Erica (invisible) and a friendly lightning spire (summoned).

Vanquished Creatures
  A two-headed ogre (D:8)
  A troll (D:9)
  An acid dragon (D:10)
  3 sky beasts
  An ogre (D:5)
  2 necrophages
  2 centaurs
  A phantom (D:4)
  3 scorpions
  A bullfrog (D:9)
  An electric eel (D:6)
  3 jellies
  Crazy Yiuf (D:2)
  A centaur skeleton (D:4)
  Jessica (D:3)
  An iguana (D:7)
  A scorpion zombie (D:5)
  Natasha (twice) (D:2)
  A hound skeleton (D:4)
  A howler monkey zombie (D:7)
  4 gnolls
  2 adders
  2 dart slugs
  7 orcs
  4 endoplasms
  2 goblins
  A hobgoblin (D:2)
  5 quokkas
  3 ball pythons
  4 bats
  2 frilled lizards
  3 kobolds
  4 rats
72 creatures vanquished.

Vanquished Creatures (collateral kills)
  A hornet (D:8)
  2 wyverns
  5 yaks (D:8)
  4 steam dragons
  A water moccasin (D:9)
  An acid dragon (D:8)
  An orc warrior (D:8)
  A sky beast (D:7)
  A black bear (D:8)
  3 centaurs
  2 kobold brigands (D:8)
  2 bullfrogs (D:8)
  A gnoll sergeant (D:9)
  A scorpion (D:7)
  5 killer bees
  5 wights (D:8)
  A howler monkey (D:8)
  A hound (D:7)
  2 gnoll shamans (D:8)
  An orc priest (D:8)
  2 centaur skeletons
  Terence (D:3)
  4 orc wizards
  Natasha (D:2)
  4 gnolls
  4 adders
  A white imp (D:6)
  An ufetubus (D:6)
  22 orcs
  A ball python (D:1)
  3 giant cockroaches (D:1)
  2 goblins
  2 hobgoblins
  13 kobolds
  2 bats
  A rat (D:1)
105 creatures vanquished.

Vanquished Creatures (others)
  2 fungi (D:2)
2 creatures vanquished.

Grand Total: 179 creatures vanquished

Notes
Turn   | Place    | Note
-------+----------+-------------------------------------------
     0 | D:1      | Mesmaeker13 the Draconian Summoner began the quest for the
                  | Orb.
     0 | D:1      | Reached XP level 1. HP: 14/14 MP: 3/3
   249 | D:1      | Found Cujivvom's Weapon Boutique.
   481 | D:1      | Reached XP level 2. HP: 20/20 MP: 3/5
  1077 | D:2      | Reached XP level 3. HP: 18/26 MP: 3/6
  1088 | D:2      | Learned a level 2 spell: Call Imp
  1291 | D:2      | Noticed Natasha
  1864 | D:2      | Found a runed translucent door.
  1943 | D:3      | Noticed Jessica
  1948 | D:3      | Killed Jessica
  1949 | D:3      | Reached XP level 4. HP: 33/33 MP: 5/8
  2194 | D:3      | Found a faded altar of an unknown god.
  2252 | D:3      | Noticed Terence
  2284 | D:3      | Killed Terence
  2285 | D:3      | Reached XP level 5. HP: 27/38 MP: 2/9
  2729 | D:4      | Learned a level 3 spell: Call Canine Familiar
  2730 | D:4      | Found the +4 moon troll leather armour {Spirit, Regen++
                  | MP+5}
  2746 | D:4      | Reached skill level 5 in Summonings
  2870 | D:4      | Found an ancient bone altar of Kikubaaqudgha.
  2872 | D:4      | Noticed a phantom
  2880 | D:4      | Found a glowing golden altar of the Shining One.
  2885 | D:4      | Killed a phantom
  2889 | D:4      | Found a hide-covered altar of Uskayaw.
  3020 | D:4      | Identified the +3 pair of boots of the Constellations
                  | {+Blink Str+3 Int+4}
  3054 | D:4      | Learned a level 4 spell: Summon Lightning Spire
  3142 | D:4      | Reached XP level 6. HP: 35/45 MP: 2/11
  3380 | D:4      | Found a hazy altar of Hepliaklqana.
  3425 | D:4      | Found Viuhecsi's Self-Improvement Boutique.
  3595 | D:4      | Reached skill level 1 in Air Magic
  3773 | D:4      | Found a snail-covered altar of Cheibriados.
  4107 | D:2      | Killed Natasha
  4383 | D:2      | Noticed Crazy Yiuf
  4724 | D:2      | Killed Crazy Yiuf
  4893 | D:2      | Noticed Natasha
  4905 | D:2      | Killed Natasha
  4954 | D:2      | Noticed Natasha
  4962 | D:2      | Killed Natasha
  4963 | D:2      | Your scales start taking on a dull iron-grey colour.
  4963 | D:2      | Reached XP level 7. HP: 50/50 MP: 10/13
  5036 | D:5      | Entered Level 5 of the Dungeon
  5241 | D:5      | Reached skill level 6 in Summonings
  5563 | D:5      | Reached XP level 8. HP: 55/57 MP: 12/15
  5567 | D:5      | Found a sacrificial altar of Ru.
  5889 | D:6      | Reached skill level 5 in Spellcasting
  6000 | D:6      | Reached skill level 5 in Dodging
  6543 | D:7      | Reached skill level 7 in Summonings
  6676 | D:7      | Found a staircase to the Ecumenical Temple.
  6768 | D:7      | Found an opulent altar of Gozag.
  7058 | D:7      | Found a blossoming altar of Fedhas.
  7058 | D:7      | Found a white marble altar of Elyvilon.
  7107 | Temple   | Entered the Ecumenical Temple
  7111 | Temple   | Became a worshipper of Sif Muna the Loreminder
  7133 | D:7      | Identified a scroll of acquirement
  7134 | D:7      | Acquired 760 gold pieces
  7233 | D:8      | Noticed a two-headed ogre
  7259 | D:8      | Killed a two-headed ogre
  7260 | D:8      | Reached XP level 9. HP: 62/62 MP: 6/18
  7525 | D:8      | Reached skill level 1 in Polearms
  7533 | D:8      | Reached skill level 8 in Summonings
  7673 | D:8      | Reached skill level 5 in Air Magic
  7684 | D:8      | Reached XP level 10. HP: 66/69 MP: 13/20
  7696 | D:8      | Reached * piety under Sif Muna
  8264 | D:8      | Reached skill level 1 in Shields
  8899 | D:9      | Acquired 1025 gold pieces
  9207 | D:9      | Found an iron altar of Okawaru.
  9448 | D:9      | Reached ** piety under Sif Muna
  9476 | D:9      | Identified the +9 short sword of Fortitude {flame, rPois
                  | rF+++ Will- Dex-2}
  9726 | D:10     | Entered Level 10 of the Dungeon
  9780 | D:10     | Reached skill level 9 in Summonings
  9818 | D:10     | Noticed Erica
  9840 | D:10     | Killed from afar by Erica

Illustrated notes

Levels and vault maps discovered:
D:1:      kennysheep_arrival_seaside, layout_basic, serial_shops, shop
D:2:      layout_basic, uniq_crazy_yiuf_cottage, uniq_natasha
D:3:      layout_basic, chequers_ecumenical_altar_twisty,
          hangedman_feature_mirror, roderic_serpentine_path, uniq_terence,
          uniq_jessica
D:4:      layout_cave_pods, grunt_temple_overflow_open,
          mainiacjoe_overflow_surrounded_room,
          mainiacjoe_overflow_concentric_impassable, nicolae_zen_rock_garden,
          nicolae_shop_self_help
D:5:      layout_rooms, nicolae_ru_path_of_blood, minmay_between
D:6:      layout_rooms, serial_bayou_ford_a
D:7:      layout_rooms, grunt_gozag_breadcrumbs,
          gammafunk_temple_overflow_pools, minmay_temple_entry_glass,
          minmay_misc_feat_square, minivault_22
D:8:      layout_cave_pools, minivault_10, kennysheep_kite_vault
D:9:      layout_gridville, okawaru_metal_pillars_1_2
D:10:     layout_layer_cave, uniq_erica
Temple:   nicolae_temple_x_marks_the_god

Skill      XL: |  1  2  3  4  5  6  7  8  9 10 |
---------------+-------------------------------+-----
Dodging        | 2 3 4 6 7 |  7.4
Spellcasting   | 3 4 6 7 |  7.4
Summonings     | 5 6 7 8 9 |  9.0
Air Magic      | 1 2 4 5 |  5.8
Polearms       | 3 |  3.4
Shields        | 2 |  2.1
Stealth        | |  1.7

Action                   |  1- 3 |  4- 6 |  7- 9 | 10-12 || total
-------------------------+-------+-------+-------+-------++-------
Melee: Unarmed           |    28 |       |       |       ||    28
       Tailslap          |     8 |    10 |    14 |     6 ||    38
       Dagger            |    47 |    26 |       |       ||    73
       Short sword       |       |    16 |       |       ||    16
       Trident           |       |    43 |   100 |    55 ||   198
       Halberd           |       |       |    41 |       ||    41
 Cast: Summon Small Mamm |    30 |    10 |     1 |     1 ||    42
       Call Imp          |     6 |    20 |    15 |       ||    41
       Call Canine Famil |       |    12 |    21 |     9 ||    42
       Summon Lightning  |       |       |    10 |    22 ||    32
Evoke: Wand              |       |     2 |     5 |       ||     7
  Use: Scroll            |     3 |     2 |     8 |     3 ||    16
       Potion            |       |       |     1 |     2 ||     3
 Stab: Sleeping          |     3 |       |     4 |       ||     7
       Distracted        |       |       |     3 |     2 ||     5
Armor: Skin              |    26 |    31 |    77 |    36 ||   170
Dodge: Dodged            |    61 |    53 |   108 |    50 ||   272

Table legend: (Time is in decaauts)
 A = Elapsed time spent in this place.
 B = Non-inter-level travel time spent in this place.
 C = Inter-level travel time spent in this place.
 D = Time resting spent in this place.
 E = Time spent auto-exploring this place.
 F = Levels seen in this place.
 G = Mean time per level.
                   A        B        C        D        E       F      G
               +--------+--------+--------+--------+--------+-----+--------+
         Total |   9917 |   9510 |    407 |    678 |   6736 |  11 |  901.5 |
       Dungeon |   9909 |   9505 |    404 |    678 |   6736 |  10 |  990.9 |
        Temple |      8 |      5 |      3 |      0 |      0 |   1 |    8.0 |
               +--------+--------+--------+--------+--------+-----+--------+

Top non-repeatable levels by time:
     D:2: 1786 daAuts
     D:8: 1442 daAuts
     D:4: 1418 daAuts
     D:9: 1162 daAuts
     D:1: 1047 daAuts
     D:7: 818 daAuts
     D:3: 799 daAuts
     D:5: 735 daAuts
     D:6: 585 daAuts
    D:10: 113 daAuts
  Temple: 8 daAuts
